 Dungeon Crawl Stone Soup version 0.29-a0-723-gce39da1c22 (webtiles) character file.

Game seed: 10586741822303514074

552362 wingedge the Cryomancer (level 26, -1/206 HPs)
             Began as a Merfolk Ice Elementalist on June 27, 2022.
             Was the Champion of Vehumet.
             Killed from afar by a golden dragon (16 damage)
             ... with a bolt of fire
             ... on level 2 of the Realm of Zot on June 29, 2022.
             The game lasted 12:29:59 (73401 turns).

wingedge the Cryomancer (Merfolk Ice Elementalist) Turns: 73401, Time: 12:30:01

Health: -1/206     AC: 13    Str:  6    XL:     26   Next: 36%
Magic:  8/42       EV: 22    Int: 19    God:    Vehumet [******]
Gold:   2725       SH: 23    Dex: 22    Spells: 2/56 levels left

rFire   + . .      SeeInvis +   a - +9 double sword (freeze)
rCold   + + +      Faith    .   L - +5 kite shield {rC+}
rNeg    + . .      Spirit   .   w - +0 robe of Eheaxagu {+Inv rF+ rN+ Stlth+}
rPois   +          Reflect  .   N - +1 helmet of the Saviour {rC+ Regen+ Str-3}
rElec   +          Harm     .   Q - scarf {repulsion}
rCorr   .          Rampage  .   J - +2 pair of gloves {Dex+3}
Will    ++...                   j - +3 pair of mountain boots {steadfast, rC+}
Stlth   ++++++++..              S - amulet of Vudal {RegenMP Slay+3}
HPRegen 2.04/turn               Z - ring "Amaoph" {rPois Will+ SInv}
MPRegen 0.68/turn               o - ring "Avosoj" {rElec rPois}

@: liquefying, very slightly contaminated, constricted, studying 2 skills,
slowed movement, repel missiles, unable to drink, very slow
A: (nimble swimmer 2), mertail, iridescent scales 1, large bone plates 1, dopey
1, regeneration 1, no potion heal 1
}: 3/15 runes: decaying, abyssal, gossamer
a: Renounce Religion, Evoke Invisibility


You were on level 2 of the Realm of Zot.
You worshipped Vehumet.
Vehumet was exalted by your worship.
You visited 10 branches of the dungeon, and saw 45 of its levels.
You visited the Abyss 2 times.
You also visited: Sewer, Gauntlet, Ice Cave, Volcano and Wizlab.

You collected 6590 gold pieces.
You spent 3865 gold pieces at shops.

Inventory:

Hand Weapons
 a - a +9 double sword of freezing (weapon)
 b - the +6 short sword of Uncertain Death {protect, Fly rF+ rCorr Int+4}
   (You found it in a Gauntlet)

   It grants its wielder temporary protection when it strikes (+7 to AC).
   Int:       It affects your intelligence (+4).
   rF:        It protects you from fire.
   Fly:       It grants you flight.
   rCorr:     It protects you from acid and corrosion.
 c - the +5 flail "Giantslayer" {vorpal, rN+ MP+9 Int+6 Stlth+}
   (You took it off a deep elf annihilator on level 3 of the Elven Halls)

   It inflicts extra damage upon your enemies.
   Int:       It affects your intelligence (+6).
   rN:        It protects you from negative energy.
   MP:        It affects your magic capacity (+9).
   Stlth:     It makes you more stealthy.
 d - the +8 Vampire's Tooth {vamp}
   (You found it on level 3 of the Elven Halls)

   It occasionally heals its wielder for the full amount of damage dealt when it
   wounds a living foe.
 s - a +6 long sword of holy wrath
 E - a +4 demon blade of flaming
Missiles
 A - 2 throwing nets
Armour
 j - the +3 pair of mountain boots (worn) {steadfast, rC+}
   (You acquired it on level 3 of the Spider Nest)

   It prevents involuntary movement, except for blinking, teleportation, or
   banishment.
   rC:        It protects you from cold.
 w - the +0 robe of Eheaxagu (worn) {+Inv rF+ rN+ Stlth+}
   (You found it on level 4 of the Dungeon)

   rF:        It protects you from fire.
   rN:        It protects you from negative energy.
   +Inv:      It lets you turn invisible.
   Stlth:     It makes you more stealthy.
 B - a +1 robe of willpower
 J - a +2 pair of gloves of dexterity (worn)
 L - a +5 kite shield of cold resistance (worn)
 N - the +1 helmet of the Saviour (worn) {rC+ Regen+ Str-3}
   (You found it on level 3 of the Elven Halls)

   Str:       It affects your strength (-3).
   rC:        It protects you from cold.
   Regen:     It increases your rate of health regeneration.
 Q - a scarf of repulsion (worn)
 T - a +2 buckler of protection
 Y - a scarf of resistance
Magical Staves
 e - a staff of cold
Jewellery
 g - the ring "Taz Funa" {Fly Int+8 Slay-2 SInv}
   (You found it on level 1 of the Lair of Beasts)

   [ring of flight]

   Int:       It affects your intelligence (+8).
   Slay:      It affects your accuracy & damage with ranged weapons and melee
   (-2).
   SInv:      It lets you see invisible.
   Fly:       It grants you flight.
 m - a +4 ring of slaying
 n - a ring of protection from cold
 o - the ring "Avosoj" (right hand) {rElec rPois}
   (You found it on level 2 of the Depths)

   [ring of poison resistance]

   rElec:     It insulates you from electricity.
   rPois:     It protects you from poison.
 y - a ring of positive energy
 C - a +6 ring of strength
 H - a ring of protection from fire
 K - a +6 ring of dexterity
 M - the ring "Quggagut" {Ice rPois Will+ rCorr Int-3}
   (You took it off a deep elf death mage on level 3 of the Elven Halls)

   [ring of ice]

   It enhances your ice magic.
   Int:       It affects your intelligence (-3).
   rF:        It makes you vulnerable to fire.
   rC:        It protects you from cold.
   rPois:     It protects you from poison.
   rCorr:     It protects you from acid and corrosion.
   Will:      It increases your willpower.
 S - the amulet of Vudal (around neck) {RegenMP Slay+3}
   (You found it on level 1 of the Depths)

   [amulet of magic regeneration]

   It increases your rate of magic regeneration.
   Slay:      It affects your accuracy & damage with ranged weapons and melee
   (+3).
 X - a +6 ring of intelligence
 Z - the ring "Amaoph" (left hand) {rPois Will+ SInv}
   (You found it in a Gauntlet)

   [ring of poison resistance]

   rPois:     It protects you from poison.
   SInv:      It lets you see invisible.
   Will:      It increases your willpower.
Wands
 q - a wand of digging (9)
Scrolls
 f - 17 scrolls of teleportation
 h - 9 scrolls of poison
 i - 6 scrolls of torment
 k - 4 scrolls of silence
 t - a scroll of summoning
 x - a scroll of blinking
 z - 10 scrolls of vulnerability
 D - 7 scrolls of fear
 I - 3 scrolls of fog
 P - 5 scrolls of magic mapping
 U - 4 scrolls of amnesia
Potions
 l - 8 potions of magic
 p - 26 potions of curing
 u - 4 potions of mutation
 v - 10 potions of ambrosia
 F - 18 potions of might
 G - 7 potions of invisibility
 O - 6 potions of resistance
 R - 4 potions of cancellation
 V - 10 potions of brilliance
 W - a potion of heal wounds
Miscellaneous
 r - a phial of floods


   Skills:
 + Level 16.5 Fighting
 + Level 12.7(15.9) Short Blades
 - Level 15.4(17.2) Long Blades
 - Level 3.0 Throwing
 - Level 3.0 Armour
 + Level 17.7 Dodging
 + Level 18.1 Stealth
 + Level 11.9 Shields
 * Level 15.8 Spellcasting
 - Level 4.0 Conjurations
 + Level 15.4 Hexes
 - Level 15.0 Transmutations
 - Level 23.0 Ice Magic
 - Level 7.0 Earth Magic
 - Level 3.0 Evocations


You had 2 spell levels left.
You knew the following spells:

 Your Spells              Type           Power      Damage    Failure   Level
a - Ozocubu's Refrigerat  Ice            40%        4d13      1%          7
b - Ozocubu's Armour      Ice            80%        N/A       0%          3
c - Enfeeble              Hex            32%        N/A       12%         7
d - Statue Form           Tmut/Erth      36%        N/A       14%         6
e - Polar Vortex          Ice            40%        N/A       17%         9
i - Tukima's Dance        Hex            65%        N/A       1%          3
l - Leda's Liquefaction   Hex/Erth       27%        N/A       1%          4
o - Confusing Touch       Hex            65%        N/A       1%          3
q - Wereblood             Tmut           64%        N/A       1%          2
u - Lee's Rapid Deconstr  Erth           20%        3d13*     3%          5
y - Yara's Violent Unrav  Hex/Tmut       32%        3d13      1%          5

Your spell library contained the following spells:

 Spells                   Type           Power      Damage    Failure   Level
 Ignition                 Fire           7%         3d5       100%        8
 Shatter                  Erth           20%        3d18*     100%        9
 Freeze                   Ice            100%       1d11      0%          1
 Beastly Appendage        Tmut           100%       N/A       1%          1
 Foxfire                  Conj/Fire      88%        2x1d8     1%          1
 Static Discharge         Conj/Air       22%        N/A       1%          2
 Scorch                   Fire           30%        2d7       3%          2
 Apportation              Tloc           30%        N/A       9%          1
 Blink                    Tloc           30%        N/A       13%         2
 Frozen Ramparts          Ice            100%       1d12      0%          3
 Ignite Poison            Fire/Tmut/Pois 34%        N/A       1%          3
 Inner Flame              Hex/Fire       44%        N/A       1%          3
 Spider Form              Tmut/Pois      43%        N/A       1%          3
 Summon Guardian Golem    Hex/Summ       44%        N/A       1%          3
 Hailstorm                Conj/Ice       61%        3d13      1%          4
 Freezing Cloud           Conj/Ice/Air   24%        6-21      1%          5
 Conjure Flame            Conj/Fire      22%        6-21      3%          3
 Anguish                  Hex/Necr       22%        N/A       3%          4
 Mephitic Cloud           Conj/Pois/Air  20%        N/A       4%          3
 Silence                  Hex/Air        22%        N/A       10%         5
 Summon Mana Viper        Hex/Summ       44%        N/A       10%         5
 Flame Wave               Conj/Fire      22%        2d7       11%         4
 Iskenderun's Mystic Bla  Conj/Tloc      22%        2d6       11%         4
 Sticky Flame             Conj/Fire      22%        2d4       11%         4
 Alistair's Intoxication  Tmut/Pois      28%        N/A       11%         5
 Iskenderun's Battlesphe  Conj           30%        2d8       12%         5
 Eringya's Noxious Bog    Tmut/Pois      21%        N/A       16%         6
 Gell's Gravitas          Tloc           15%        N/A       26%         3
 Lesser Beckoning         Tloc           15%        N/A       26%         3
 Teleport Other           Tloc           15%        N/A       26%         3
 Fireball                 Conj/Fire      11%        3d7       26%         5
 Lightning Bolt           Conj/Air       11%        1d24      26%         5
 Borgnjor's Vile Clutch   Necr/Erth      14%        N/A       50%         5
 Animate Dead             Necr           15%        N/A       63%         4
 Dispel Undead            Necr           15%        3d10      63%         4
 Passage of Golubria      Tloc           15%        N/A       63%         4
 Discord                  Hex            32%        N/A       67%         8
 Conjure Ball Lightning   Conj/Air       11%        3x3d6     78%         6
 Manifold Assault         Tloc           15%        N/A       93%         5
 Summon Forest            Summ/Tloc      7%         N/A       93%         5
 Orb of Destruction       Conj           15%        9d7       96%         7
 Storm Form               Tmut/Air       21%        N/A       97%         7
 Spellforged Servitor     Conj/Summ      11%        N/A       99%         7
 Death Channel            Necr           7%         N/A       100%        6
 Dispersal                Tloc           7%         N/A       100%        6
 Summon Cactus Giant      Summ           7%         N/A       100%        6
 Malign Gateway           Summ/Tloc      7%         N/A       100%        7
 Disjunction              Tloc           7%         N/A       100%        8
 Lehudib's Crystal Spear  Conj/Erth      17%        10d5      100%        8
 Maxwell's Capacitive Co  Air            7%         ∞         100%        8
 Summon Horrible Things   Summ           7%         N/A       100%        8


Dungeon Overview and Level Annotations

Branches:
Dungeon (15/15)            Temple (1/1) D:5            Lair (6/6) D:9
  Swamp (4/4) Lair:4       Spider (4/4) Lair:3        Slime (0/5) Lair:6
    Orc (2/2) D:10            Elf (3/3) Orc:2        Vaults (4/5) D:14
  Crypt (0/3) Vaults:3     Depths (4/4) D:15            Zot (2/5) Depths:4
  Sewer (visited)           IceCv (visited)         Volcano (visited)
 WizLab (visited)         Gauntlet (visited)

Altars:
Ashenzari
Cheibriados
Dithmenos
Elyvilon
Fedhas
Hepliaklqana
Kikubaaqudgha
Makhleb
Nemelex Xobeh
Okawaru
Qazlal
Ru
Sif Muna
Uskayaw
Vehumet
Wu Jian
Xom
Yredelemnul
Zin
The Shining One
Beogh
Jiyva
Lugonu

Shops:
D:1 (   D:5 *   D:11 *   D:12 (   D:15 (   Orc:2 *::(?   Elf:1 *   Elf:2 ?
Vaults:1 *   Vaults:4 (*[:[

Portals:
Hell: Depths:1 Depths:2 Depths:3 Depths:4
Abyss: Lair:6 Depths:3
Pandemonium: Depths:2
Ziggurat: Depths:2

Annotations:
Depths:4 Stash
Zot:1 exclusion: draconian shifter


Innate Abilities, Weirdness & Mutations

((You are very nimble when in or above water. (Stealth+, EV+, Speed+++)))
Your lower body shifts to a powerful aquatic tail in water.
You are partially covered in iridescent scales. (AC +2)
You are partially covered in large bone plates. (SH +4)
You are dopey. (Int -2)
Your natural rate of healing is unusually fast.
Potions are less effective at restoring your health.


Message History

The tentacled monstrosity is almost dead.
The winds around you calm down.
You block the tentacled monstrosity's attack.
The tentacled monstrosity becomes momentarily stuck in the liquid earth.
The tentacled monstrosity tentacle-slaps you.
* * * LOW HITPOINT WARNING * * *
The tentacled monstrosity constricts you.
* * * LOW HITPOINT WARNING * * *
The electric golem hurls lightning at you.
The bolt of lightning misses you.
The tentacled monstrosity tentacle-slaps you but does no damage.
You block the tentacled monstrosity's attack.
The tentacled monstrosity tentacle-slaps you but does no damage.
The tentacled monstrosity constricts you.
Press: ? - help, v - describe, . - travel, g - get item
Here: a tentacled monstrosity (almost dead, constricting you, berserk, covering ground slowly) Item here: a moth of wrath corpse.
The floor.
Press: ? - help, v - describe, . - travel, g - get item
Here: a tentacled monstrosity (almost dead, constricting you, berserk, covering ground slowly) Item here: a moth of wrath corpse.
The floor.
You cannot drink potions in your current state!
You completely miss the tentacled monstrosity.
The tentacled monstrosity is almost dead.
The electric golem hurls lightning at you.
The bolt of lightning misses you.
The tentacled monstrosity barely misses you. x2
You block the tentacled monstrosity's attack.
The tentacled monstrosity constricts you.
* * * LOW HITPOINT WARNING * * *
The electric golem hurls lightning at you.
The bolt of lightning is repelled.
You slash the tentacled monstrosity! You freeze the tentacled monstrosity.
The tentacled monstrosity is almost dead.
The golden dragon breathes fire at you. The bolt of fire hits you!
Your icy armour melts away.
You resist.
You die...

#.... #.....
#...... ##.......
##.......#
##.!...=.#
##..<....#
##.X9....##
#.)@.....#
#.)[)........
#.....)........
#...............
#.#####..####.?..
# #.#. #..# .#.D
.# . ...


You could see an electric golem, a tentacled monstrosity (berserk, struggling)
and a golden dragon (catching breath).

Vanquished Creatures
  An orb of fire (Zot:1)
  An ancient lich (Abyss:4)
  3 juggernauts
  Mennas (Depths:3)
  Sojobo (Vaults:4)
  Parghit (Depths:3)
  Bai Suzhen (Spider:3)
  Frederick (Vaults:4)
  Margery (Vaults:4)
  4 golden dragons
  A bone dragon (Swamp:4)
  Arachne (Spider:2)
  An electric golem (Zot:1)
  A Brimstone Fiend (Depths:3)
  Jorgrun (D:12)
  Rupert (D:12)
  3 tentacled monstrosities
  Zenata (Elf:3)
  4 liches
  Asterion (Spider:3)
  A Hell Sentinel (Depths:1)
  3 deep elf blademasters
  2 quicksilver dragons
  A deep elf master archer (Elf:3)
  A walking frostbound tome (Depths:2)
  3 tentacled starspawn (Abyss:4)
  Frances (D:13)
  5 sphinxes
  An Executioner (Abyss:4)
  5 death cobs
  A thorn hunter (Abyss:4)
  2 tengu reavers (Vaults:4)
  3 shadow dragons
  Kirke (Lair:4)
  3 storm dragons
  A rockslime (shapeshifter) (Depths:2)
  A draconian monk (Zot:1)
  A fenstrider witch (Swamp:2)
  5 deep elf sorcerers (Elf:3)
  4 draconian knights
  10 fire giants
  A daeva (Abyss:4)
  9 vault wardens
  2 draconian scorchers
  7 emperor scorpions
  Aizul (Spider:1)
  2 orc warlords
  4 cacodemons
  A balrug (Depths:3)
  An iron dragon (Depths:3)
  7 frost giants
  2 broodmothers (Spider:4)
  3 ghost moths
  4 deep elf elementalists (Elf:3)
  6 draconian shifters
  3 angels
  2 draconian stormcallers (Zot:2)
  A war gargoyle (Vaults:3)
  A juggernaut skeleton (Depths:2)
  13 ironbound preservers
  20 very ugly things
  2 draconian annihilators (Zot:1)
  16 stone giants
  2 ophanim (Abyss:5)
  7 ironbound thunderhulks
  5 deep elf demonologists
  Nessos (Lair:4)
  A vampire knight (Depths:4)
  An eleionoma (Swamp:1)
  8 green draconians
  18 dire elephants
  A minotaur (Gauntlet)
  10 deep elf annihilators
  4 black draconians
  5 bunyips
  5 white draconians (Zot:1)
  7 entropy weavers
  6 purple draconians
  10 spark wasps
  4 yellow draconians
  Snorg (Orc:1)
  4 red draconians
  7 deep elf death magi
  2 crystal guardians
  10 ettins
  2 green deaths
  4 blizzard demons
  6 fire dragons
  Josephine (Lair:4)
  A merfolk javelineer (Depths:3)
  4 deep elf high priests
  A mummy priest (Depths:1)
  A great orb of eyes (shapeshifter) (Depths:4)
  24 hydras
  4 great orbs of eyes
  11 yaktaur captains
  A rakshasa (Depths:1)
  7 boulder beetles
  5 vault guards
  7 ice dragons
  A merfolk avatar (Swamp:3)
  6 ghost crabs
  Harold (Lair:1)
  2 spriggan air magi
  A spriggan zombie (Abyss:4)
  11 ironbound frosthearts
  2 peacekeepers
  The ghost of zhov the Marksspriggan, a journeyman SpHu of Dithmenos (D:12)
  3 radroaches (Spider:4)
  4 two-headed ogres
  11 centaur warriors
  An ogre mage (D:15)
  2 jorogumos (Spider:4)
  3 hell beasts
  8 alligators
  7 tengu warriors
  A satyr (Abyss:4)
  8 deep troll shamans
  3 deep troll earth magi
  A vampire mage (Abyss:4)
  6 thrashing horrors
  Urug (Orc:1)
  15 death yaks
  8 hell hogs
  7 spriggan berserkers
  29 deep elf knights
  2 orc high priests (Depths:1)
  A sun demon (Depths:2)
  4 wretched stars
  33 hell knights
  2 soul eaters
  2 sixfirhies
  5 sun moths
  5 pharaoh ants
  2 cherubim (Abyss:5)
  6 skeletal warriors
  6 goliath frogs
  A salamander mystic (Depths:4)
  Lodul (D:12)
  2 shadow demons (Depths:1)
  2 spriggan druids (Swamp:3)
  3 flayed ghosts
  6 glowing orange brains
  7 iron trolls
  A sea snake (shapeshifter) (Depths:3)
  11 orb spiders
  3 swamp dragons
  45 deep trolls
  A death drake (Swamp:4)
  4 steelbarb worms
  6 bog bodies
  8 deep elf archers
  6 lindwurms
  8 wizards
  5 spectral hydras (Swamp:4)
  A harpy (Elf:2)
  5 orc knights
  30 deep elf pyromancers
  23 wolf spiders
  16 ironbound convokers
  12 necromancers
  2 oklob plants
  30 deep elf zephyrmancers
  2 will-o-the-wisps
  3 salamanders (Depths:4)
  2 orc sorcerers (Orc:2)
  A tengu skeleton (Depths:2)
  56 ugly things
  15 manticores
  6 cyclopes
  A salamander (shapeshifter) (Depths:4)
  2 guardian serpents (Abyss:4)
  20 elephants
  A rust devil (Abyss:4)
  A torpor snail (shapeshifter) (Depths:4)
  Maurice (D:10)
  16 moths of wrath
  An ice statue (IceCv)
  An apocalypse crab (Abyss:4)
  5 black mambas
  A dire elephant zombie (Abyss:4)
  6 cane toads
  8 torpor snails
  8 smoke demons
  4 unseen horrors
  9 vault sentinels
  2 orange demons (Gauntlet)
  A gargoyle (D:7)
  Psyche (D:12)
  2 swamp worm zombies (Swamp:4)
  3 freezing wraiths
  2 rime drakes
  An efreet (Volcano)
  7 demonic crawlers
  7 kobold demonologists
  A tormentor (WizLab)
  An ice devil (Depths:2)
  30 yaktaurs
  3 komodo dragons
  5 tengu conjurers
  12 tyrant leeches
  5 ancient zymes
  6 hydra zombies (Swamp:4)
  A queen bee (Spider:3)
  8 trolls
  2 bloated husks
  6 hornets
  12 polar bears
  30 blink frogs
  A wolf spider simulacrum (D:12)
  26 tarantellas
  8 raiju (Abyss:4)
  2 spectral swamp dragons (Swamp:4)
  Prince Ribbit (D:5)
  20 slime creatures
  34 jumping spiders
  2 dream sheep (Lair:5)
  A frost giant simulacrum (Depths:2)
  3 flying skulls (Abyss:5)
  A spriggan (shapeshifter) (Depths:4)
  14 starcursed masses
  4 alligator zombies (Swamp:4)
  5 wyverns
  7 spriggans
  5 wraiths
  23 culicivoras
  2 shadows
  2 ynoxinuls
  A human (shapeshifter) (D:15)
  A vampire (D:12)
  5 hogs (Lair:4)
  2 basilisks (shapeshifter)
  Eustachio (D:4)
  7 basilisks
  6 fire elementals
  58 yaks
  A steam dragon (D:9)
  26 dancing weapons
  18 humans
  6 chaos spawn
  4 vampire mosquitoes
  4 neqoxecs
  Menkaure (D:7)
  34 redbacks
  5 wargs
  2 human zombies (Vaults:3)
  Edmund (D:6)
  A glowing shapeshifter zombie (Vaults:3)
  The ghost of chrisa4242 the Shooter, an amateur GrWn of Dithmenos (D:3)
  17 swamp worms
  17 large abominations
  4 acid dragons
  A floating eye (Depths:3)
  17 water moccasins
  An ice beast (D:7)
  49 orc warriors
  6 sky beasts
  4 black bears
  14 ogres
  21 centaurs
  11 boggarts
  55 wolves
  8 phantoms
  Blork the orc (D:4)
  6 kobold brigands
  A gnoll sergeant (D:10)
  10 bullfrogs
  7 earth elementals
  A scorpion (D:5)
  10 wights
  14 killer bees
  A jelly (D:4)
  4 howler monkeys
  An electric eel (Lair:5)
  15 small abominations
  An iron imp (Abyss:4)
  A gnoll shaman (D:7)
  20 orc priests
  4 iguanas
  26 orc wizards
  3 troll simulacra (Orc:2)
  A hell rat (Sewer)
  3 spriggan simulacra (Orc:2)
  A boggart simulacrum (D:12)
  Robin (D:3)
  11 gnolls
  A swamp drake zombie (Swamp:4)
  6 adders
  2 naga simulacra (Orc:2)
  3 river rats (Sewer)
  4 white imps
  3 ufetubi
  5 worms
  5 dart slugs
  130 orcs
  12 endoplasms
  4 giant cockroaches
  20 goblins
  8 hobgoblins
  5 jackals (D:1)
  3 quokkas
  11 ball pythons
  2 bats
  4 frilled lizards
  19 kobolds
  16 rats
  5 briar patches (Abyss:4)
  2 lurking horrors (Abyss:4)
  3 starspawn tentacles (Abyss:4)
2146 creatures vanquished.

Vanquished Creatures (collateral kills)
  A golden dragon (Depths:2)
  A sphinx (Depths:2)
  A fire giant (Depths:2)
  A green draconian (Zot:1)
  A centaur warrior (Vaults:1)
  A spriggan berserker (Depths:2)
  An ironbound convoker (Vaults:2)
  A redback (Spider:1)
8 creatures vanquished.

Vanquished Creatures (others)
  A tengu conjurer (Depths:2)
  2 bloated husks
  A hydra zombie (Swamp:4)
  4 dancing weapons
  2 humans (Depths:3)
  A redback (Spider:1)
  A phantom (Swamp:4)
  A bush (Abyss:4)
  5 demonic plants
  6 foxfires
  54 fungi
  38 plants
  10 starspawn tentacles (Abyss:4)
126 creatures vanquished.

Grand Total: 2280 creatures vanquished

Notes
Turn   | Place    | Note
-------+----------+-------------------------------------------
     0 | D:1      | wingedge the Merfolk Ice Elementalist began the quest for
                  | the Orb.
     0 | D:1      | Reached XP level 1. HP: 13/13 MP: 3/3
   115 | D:1      | Found a faded altar of an unknown god.
   310 | D:1      | Reached XP level 2. HP: 17/20 MP: 1/5
   735 | D:1      | Reached XP level 3. HP: 25/25 MP: 2/6
   801 | D:1      | Reached skill level 1 in Fighting
   872 | D:1      | Found Afell's Weapon Emporium.
  1610 | D:2      | Reached skill level 5 in Ice Magic
  1610 | D:2      | Reached XP level 4. HP: 5/32 MP: 6/8
  1901 | D:2      | Learned a level 3 spell: Ozocubu's Armour
  1905 | D:2      | Learned a level 3 spell: Frozen Ramparts
  2004 | D:2      | Identified the +10 short sword "Olaps" {pain, rPois Will-
                  | Str+3}
  3154 | D:3      | Noticed Robin
  3165 | D:3      | Killed Robin
  3166 | D:3      | Reached skill level 1 in Short Blades
  3166 | D:3      | Reached XP level 5. HP: 36/38 MP: 1/9
  3719 | D:3      | Reached XP level 6. HP: 37/44 MP: 10/10
  3789 | D:3      | Found a runed translucent gate.
  3790 | D:3      | Found a runed translucent gate.
  3790 | D:3      | Identified the +5 short sword "Xudavvea" {spect, Str+2}
  3790 | D:3      | Noticed chrisa4242's ghost (amateur GrWn)
  3791 | D:3      | Found a runed translucent gate.
  3828 | D:3      | Found a shimmering altar of Xom.
  4207 | D:4      | Noticed Eustachio
  4377 | D:4      | Identified the +0 robe of Eheaxagu {+Inv rF+ rN+ Stlth+}
  4418 | D:4      | Killed Eustachio
  4419 | D:4      | Reached XP level 7. HP: 8/51 MP: 4/12
  5095 | D:4      | Reached skill level 1 in Conjurations
  5299 | D:4      | Noticed Blork the orc
  5313 | D:4      | Killed Blork the orc
  5314 | D:4      | Reached skill level 5 in Dodging
  5314 | D:4      | Reached skill level 6 in Ice Magic
  5409 | D:5      | Entered Level 5 of the Dungeon
  5471 | D:5      | Learned a level 1 spell: Beastly Appendage
  5474 | D:5      | Learned a level 2 spell: Wereblood
  5499 | D:5      | Found Emuer's Assorted Antiques.
  5504 | D:5      | Noticed Prince Ribbit
  5515 | D:5      | Killed Prince Ribbit
  5516 | D:5      | Reached skill level 1 in Transmutations
  5516 | D:5      | Reached XP level 8. HP: 52/58 MP: 7/13
  5534 | D:5      | Bought a runed helmet for 165 gold pieces
  5640 | D:5      | Found a staircase to the Ecumenical Temple.
  5692 | Temple   | Entered the Ecumenical Temple
  5737 | Temple   | Became a worshipper of Vehumet
  6156 | D:5      | Reached skill level 5 in Short Blades
  6362 | D:6      | Found a glowing drain.
  6366 | Sewer    | Entered a sewer
  6810 | D:6      | Noticed Edmund
  7036 | D:6      | Killed Edmund
  7084 | D:6      | Found a snail-covered altar of Cheibriados.
  7265 | D:6      | Reached * piety under Vehumet
  7265 | D:6      | Offered knowledge of Sandblast by Vehumet.
  7271 | D:6      | Reached skill level 7 in Ice Magic
  7271 | D:6      | Reached XP level 9. HP: 49/65 MP: 6/15
  8114 | D:7      | Reached skill level 5 in Transmutations
  8722 | D:7      | Found a basalt altar of Yredelemnul.
  8723 | D:7      | Found an ornate altar of the Wu Jian Council.
  8723 | D:7      | Found a burning altar of Makhleb.
  8723 | D:7      | Found a radiant altar of Vehumet.
  8723 | D:7      | Noticed Menkaure
  8734 | D:7      | Killed Menkaure
  8735 | D:7      | Reached skill level 5 in Stealth
  8824 | D:7      | Reached skill level 8 in Ice Magic
  8824 | D:7      | Reached XP level 10. HP: 61/73 MP: 12/17
  9003 | D:7      | Reached skill level 5 in Fighting
  9056 | D:7      | Offered knowledge of Poisonous Vapours by Vehumet.
  9058 | D:7      | Reached ** piety under Vehumet
  9059 | D:7      | Reached skill level 1 in Hexes
  9065 | D:7      | Noticed a gargoyle
  9073 | D:7      | Reached skill level 5 in Spellcasting
  9074 | D:7      | Killed a gargoyle
  9075 | D:7      | Reached skill level 1 in Long Blades
  9075 | D:7      | Noticed a kobold demonologist
  9078 | D:7      | Noticed a cyclops
  9157 | D:7      | Killed a cyclops
  9262 | D:7      | Noticed a skeletal warrior
  9287 | D:7      | Killed a skeletal warrior
  9306 | D:7      | Killed a kobold demonologist
  9950 | D:8      | Reached XP level 11. HP: 75/81 MP: 15/19
 10006 | D:8      | Learned a level 4 spell: Hailstorm
 10459 | D:8      | Found a blossoming altar of Fedhas.
 10460 | D:8      | Found a sacrificial altar of Ru.
 10473 | D:8      | Offered knowledge of Static Discharge by Vehumet.
 10624 | D:8      | Reached skill level 1 in Throwing
 11368 | D:9      | Found a staircase to the Lair.
 11605 | D:9      | Reached *** piety under Vehumet
 11740 | D:9      | Noticed a two-headed ogre
 11753 | D:9      | Killed a two-headed ogre
 12488 | D:10     | Entered Level 10 of the Dungeon
 12681 | D:10     | Noticed Maurice
 12688 | D:10     | Killed Maurice
 13000 | D:10     | Offered knowledge of Fulminant Prism by Vehumet.
 13037 | D:10     | Found a staircase to the Orcish Mines.
 13131 | D:10     | Reached **** piety under Vehumet
 13261 | D:10     | Offered knowledge of Lightning Bolt by Vehumet.
 13622 | Lair:1   | Entered Level 1 of the Lair of Beasts
 13677 | Lair:1   | Learned a level 5 spell: Yara's Violent Unravelling
 13709 | Lair:1   | Reached skill level 9 in Ice Magic
 14037 | Lair:1   | Noticed a seven-headed hydra
 14054 | Lair:1   | Killed an eight-headed hydra
 14055 | Lair:1   | Reached XP level 12. HP: 70/89 MP: 18/21
 14056 | Lair:1   | Reached skill level 5 in Long Blades
 14102 | Lair:1   | Found a dark tunnel.
 14110 | Volcano  | Entered a volcano
 14306 | Volcano  | Noticed a stone giant
 14314 | Volcano  | Killed a stone giant
 14690 | Lair:1   | Noticed Harold
 14699 | Lair:1   | Killed Harold
 14707 | Lair:1   | Identified the ring "Taz Funa" {Fly Int+8 Slay-2 SInv}
 15076 | Lair:1   | Reached skill level 5 in Hexes
 15713 | Lair:2   | Reached ***** piety under Vehumet
 15856 | Lair:2   | Offered knowledge of Iskenderun's Battlesphere by Vehumet.
 16637 | Lair:2   | Upgraded the game from 0.29-a0-717-g6dac4ea423 to
                  | 0.29-a0-721-g7f417c9bbb
 16679 | Lair:3   | Noticed a six-headed hydra
 16695 | Lair:3   | Killed a six-headed hydra
 16696 | Lair:3   | Reached XP level 13. HP: 84/96 MP: 6/22
 16849 | Lair:3   | Found a hole to the Spider Nest.
 17212 | Lair:3   | Reached skill level 10 in Stealth
 17559 | Lair:3   | Learned a level 3 spell: Confusing Touch
 17718 | Lair:3   | Found a stormy altar of Qazlal.
 18029 | Lair:4   | Found a staircase to the Swamp.
 18266 | Lair:4   | Reached skill level 10 in Ice Magic
 18311 | Lair:4   | Reached skill level 10 in Dodging
 18343 | Lair:4   | Offered knowledge of Ozocubu's Refrigeration by Vehumet.
 18600 | Lair:4   | Noticed Nessos
 18625 | Lair:4   | Killed Nessos
 18892 | Lair:4   | Noticed Josephine
 18924 | Lair:4   | Killed Josephine
 18992 | Lair:4   | Identified a scroll of acquirement
 18993 | Lair:4   | Acquired a +1 double sword of freezing
 19117 | Lair:4   | Noticed Kirke
 19438 | Lair:4   | Noticed a sphinx
 20250 | Lair:4   | Killed Kirke
 20637 | Lair:5   | Found a basalt altar of Yredelemnul.
 20674 | Lair:5   | Reached skill level 10 in Transmutations
 20686 | Lair:5   | Reached skill level 1 in Armour
 20686 | Lair:5   | Reached XP level 14. HP: 92/106 MP: 17/25
 22166 | Lair:6   | Entered Level 6 of the Lair of Beasts
 23309 | Lair:5   | Learned a level 7 spell: Ozocubu's Refrigeration
 23358 | Lair:6   | Reached skill level 11 in Ice Magic
 23490 | Lair:6   | Offered knowledge of Conjure Ball Lightning by Vehumet.
 24691 | Lair:6   | Found a viscous altar of Jiyva.
 24692 | Lair:6   | Found a staircase to the Slime Pits.
 25296 | D:5      | Bought a scroll of identify for 44 gold pieces
 25296 | D:5      | Bought a scroll of blinking for 165 gold pieces
 25296 | D:5      | Bought a scroll of identify for 44 gold pieces
 25641 | D:3      | Killed chrisa4242's ghost
 26677 | D:11     | Reached skill level 10 in Long Blades
 26885 | D:11     | Found Gixt's Neck Hole.
 26891 | D:11     | Bought an amulet of magic regeneration for 390 gold pieces
 26935 | D:12     | Found Bosoing's Weapon Emporium.
 27034 | D:12     | Reached skill level 10 in Fighting
 27034 | D:12     | Reached skill level 12 in Ice Magic
 27034 | D:12     | Reached XP level 15. HP: 115/115 MP: 26/28
 27035 | D:12     | Reached XP level 16. HP: 125/125 MP: 26/29
 27135 | D:12     | Found a runed translucent door.
 27138 | D:12     | Noticed Psyche
 27142 | D:12     | Killed Psyche
 27143 | D:12     | Reached skill level 13 in Ice Magic
 27158 | D:12     | Found a runed translucent door.
 27164 | D:12     | Noticed a lich
 27165 | D:12     | Noticed zhov's ghost (journeyman SpHu)
 27437 | D:12     | Noticed Lodul
 27441 | D:12     | Killed Lodul
 27699 | D:12     | Noticed Jorgrun
 27710 | D:12     | Killed Jorgrun
 28035 | D:12     | Noticed Rupert
 28042 | D:12     | Paralysed by Rupert for 3 turns
 28045 | D:12     | Killed Rupert
 28046 | D:12     | Reached XP level 17. HP: 131/131 MP: 13/30
 29026 | Lair:6   | Found a corrupted altar of Lugonu.
 29026 | Lair:6   | Found a one-way gate to the infinite horrors of the Abyss.
 29504 | Orc:1    | Entered Level 1 of the Orcish Mines
 29504 | Orc:1    | Noticed Urug
 29505 | Orc:1    | Offered knowledge of Freezing Cloud by Vehumet.
 29507 | Orc:1    | Killed Urug
 29627 | Orc:1    | Noticed Snorg
 29633 | Orc:1    | Killed Snorg
 29720 | Orc:1    | Found an iron altar of Okawaru.
 30109 | Orc:2    | Entered Level 2 of the Orcish Mines
 30127 | Orc:2    | Found Mointol's Assorted Antiques.
 30177 | Orc:2    | Bought a murky black potion for 21 gold pieces
 30177 | Orc:2    | Bought a phial of floods for 960 gold pieces
 30177 | Orc:2    | Bought a scroll labelled NUIHER LUFOS for 24 gold pieces
 30177 | Orc:2    | Found a staircase to the Elven Halls.
 30195 | Orc:2    | Found a frozen archway.
 30221 | IceCv    | Entered an ice cave
 30712 | IceCv    | Offered knowledge of Spellforged Servitor by Vehumet.
 30745 | IceCv    | Found the +8 frozen axe "Frostbite" {freezing cloud, *Noise
                  | Fly rC+}
 31204 | Orc:2    | Found Kuret's Book Boutique.
 31204 | Orc:2    | Found Dufiu's Antique Weapon Emporium.
 31204 | Orc:2    | Found Vyfiw's Magic Scroll Shoppe.
 31232 | Orc:2    | Found Bathrum's Book Shop.
 31243 | Orc:2    | Bought a scroll of enchant weapon for 97 gold pieces
 31249 | Orc:2    | Bought a book of the Earth for 612 gold pieces
 31316 | Orc:2    | Learned a level 4 spell: Leda's Liquefaction
 31695 | Orc:2    | Reached skill level 1 in Shields
 31893 | D:13     | Noticed Frances
 31906 | D:13     | Killed Frances
 31969 | D:13     | Found a gate leading to a gauntlet.
 32055 | Gauntlet | Entered a Gauntlet
 32055 | Gauntlet | Found a transporter.
 32055 | Gauntlet | Found a transporter.
 32055 | Gauntlet | Found a runed translucent door.
 32055 | Gauntlet | Found a runed translucent door.
 32056 | Gauntlet | Found a runed translucent door.
 32057 | Gauntlet | Found a transporter.
 32059 | Gauntlet | Found a transporter.
 32060 | Gauntlet | Found a transporter.
 32062 | Gauntlet | Found a large runed translucent door.
 32062 | Gauntlet | Found a large runed translucent door.
 32063 | Gauntlet | Found a large runed translucent door.
 32063 | Gauntlet | Found a large runed translucent door.
 32064 | Gauntlet | Found a large runed translucent door.
 32064 | Gauntlet | Found a large runed translucent door.
 32064 | Gauntlet | Found a runed translucent door.
 32064 | Gauntlet | Found a runed translucent door.
 32112 | Gauntlet | Reached skill level 14 in Ice Magic
 32128 | Gauntlet | Found a large runed translucent door.
 32128 | Gauntlet | Found a large runed translucent door.
 32132 | Gauntlet | Found a large runed translucent door.
 32132 | Gauntlet | Found a large runed translucent door.
 32133 | Gauntlet | Found a large runed translucent door.
 32134 | Gauntlet | Found a large runed translucent door.
 32140 | Gauntlet | Found a transporter.
 32151 | Gauntlet | Found a large runed translucent door.
 32151 | Gauntlet | Found a large runed translucent door.
 32151 | Gauntlet | Found a large runed translucent door.
 32152 | Gauntlet | Found a large runed translucent door.
 32156 | Gauntlet | Found a runed translucent gate.
 32156 | Gauntlet | Found a runed translucent gate.
 32156 | Gauntlet | Found a runed translucent gate.
 32157 | Gauntlet | Found a transporter.
 32168 | Gauntlet | Found a transporter.
 32168 | Gauntlet | Found a transporter.
 32176 | Gauntlet | Reached skill level 1 in Earth Magic
 32176 | Gauntlet | Reached skill level 1 in Evocations
 32182 | Gauntlet | Identified the ring "Amaoph" {rPois Will+ SInv}
 32189 | Gauntlet | Identified the +6 short sword of Uncertain Death {protect,
                  | Fly rF+ rCorr Int+4}
 32208 | Gauntlet | Found a transporter.
 32227 | Gauntlet | Found the +3 Mad Mage's Maulers {Infuse+∞ RegenMP Int-3}
 32231 | Gauntlet | Found a runed translucent door.
 32233 | Gauntlet | Found a runed translucent door.
 32282 | Gauntlet | Found a transporter.
 32468 | Gauntlet | Found a transporter.
 32495 | Gauntlet | Identified the +9 morningstar of Kiopt {vamp, Int+4}
 32503 | Gauntlet | Identified the +12 longbow "Xuli" {venom, rC+}
 33761 | D:14     | Reached ****** piety under Vehumet
 33838 | D:14     | Found a gate to the Vaults.
 33848 | D:14     | Reached XP level 18. HP: 134/141 MP: 21/31
 34718 | D:15     | Entered Level 15 of the Dungeon
 35056 | D:15     | Found Daasuz's Antique Weapon Shoppe.
 35083 | D:15     | Found an iron altar of Okawaru.
 35123 | D:15     | Found a shimmering altar of Xom.
 35123 | D:15     | Found a glowing silver altar of Zin.
 35125 | D:15     | Found a basalt altar of Yredelemnul.
 35125 | D:15     | Found a sparkling altar of Nemelex Xobeh.
 35125 | D:15     | Found a hazy altar of Hepliaklqana.
 35475 | D:15     | Offered knowledge of Fireball by Vehumet.
 35476 | D:15     | Reached skill level 10 in Spellcasting
 36162 | D:15     | Found a staircase to the Depths.
 36420 | Swamp:1  | Entered Level 1 of the Swamp
 38942 | Swamp:3  | Reached skill level 10 in Hexes
 39112 | Swamp:3  | Reached skill level 5 in Shields
 39902 | Swamp:4  | Entered Level 4 of the Swamp
 40376 | Swamp:4  | Offered knowledge of Iron Shot by Vehumet.
 40601 | Swamp:4  | Reached XP level 19. HP: 113/148 MP: 33/33
 40769 | Swamp:4  | Noticed a bone dragon
 41754 | Swamp:4  | Killed a bone dragon
 41755 | Swamp:4  | Reached skill level 15 in Ice Magic
 41851 | Swamp:4  | Got a decaying rune of Zot
 42439 | Spider:1 | Entered Level 1 of the Spider Nest
 42476 | Spider:1 | Noticed Aizul
 42487 | Spider:1 | Killed Aizul
 42636 | Spider:1 | Reached skill level 5 in Earth Magic
 42887 | Spider:1 | Offered knowledge of Shatter by Vehumet.
 42887 | Spider:1 | Offered knowledge of Polar Vortex by Vehumet.
 42887 | Spider:1 | Offered knowledge of Ignition by Vehumet.
 43867 | Spider:2 | Noticed Arachne
 43894 | Spider:2 | Killed Arachne
 44725 | Spider:3 | Noticed Bai Suzhen
 44824 | Spider:3 | Killed Bai Suzhen
 44880 | Spider:3 | Noticed Asterion
 45266 | Spider:3 | Killed Asterion
 46430 | Spider:4 | Entered Level 4 of the Spider Nest
 47182 | Spider:4 | Reached XP level 20. HP: 157/157 MP: 8/34
 47813 | Spider:4 | Got a gossamer rune of Zot
 49304 | D:15     | Bought a crystal spear for 208 gold pieces
 49304 | D:15     | Identified the +10 spear of Junaekla {vorpal, Int+2} (You
                  | bought it in a shop on level 15 of the Dungeon)
 49476 | Orc:2    | Bought Great Wizards, Vol. VII for 390 gold pieces
 49480 | Orc:2    | Learned a level 3 spell: Tukima's Dance
 49486 | Orc:2    | Learned a level 5 spell: Lee's Rapid Deconstruction
 49618 | Vaults:1 | Entered Level 1 of the Vaults
 49679 | Vaults:1 | Found Buuvaoq's Assorted Antiques.
 50178 | Vaults:1 | Reached skill level 16 in Ice Magic
 51986 | Vaults:2 | Learned a level 6 spell: Statue Form
 52247 | Vaults:2 | Reached XP level 21. HP: 123/164 MP: 11/36
 53989 | Vaults:3 | Found a staircase to the Crypt.
 53989 | Vaults:3 | Found an ancient bone altar of Kikubaaqudgha.
 53989 | Vaults:3 | Found a basalt altar of Yredelemnul.
 54075 | Vaults:3 | Gained mutation: Your body sometimes deteriorates upon
                  | taking damage. [mutagenic glow]
 55668 | Spider:3 | Acquired the +3 pair of mountain boots {steadfast, rC+}
 55668 | Spider:3 | Found the +3 pair of mountain boots {steadfast, rC+}
 55920 | D:12     | Killed zhov's ghost
 56285 | Vaults:4 | Noticed Sojobo
 56557 | Vaults:4 | Paralysed by an air elemental for 1 turns
 56572 | Vaults:4 | Killed Sojobo
 57016 | Vaults:4 | Reached skill level 17 in Ice Magic
 57016 | Vaults:4 | Reached XP level 22. HP: 172/172 MP: 12/38
 57248 | Vaults:4 | Found Pely's Weapon Shop.
 57297 | Vaults:4 | Found Ynohav's Armour Boutique.
 57298 | Vaults:4 | Noticed Frederick
 57307 | Vaults:4 | Killed Frederick
 57498 | Vaults:4 | Noticed Margery
 57515 | Vaults:4 | Killed Margery
 57717 | Vaults:4 | Learned a level 7 spell: Enfeeble
 57897 | Vaults:4 | Reached skill level 15 in Dodging
 57900 | Vaults:4 | Found Vairer's Assorted Antiques.
 57904 | Vaults:4 | Bought a bound tin ring for 185 gold pieces
 57904 | Vaults:4 | Identified the ring "Jodinun" {Ice Fly rN+ Int-4 SInv} (You
                  | bought it in a shop on level 4 of the Vaults)
 57904 | Vaults:4 | Bought a bound steel ring for 185 gold pieces
 57904 | Vaults:4 | Identified the ring of Xom's Bemusement {Ice Int+6} (You
                  | bought it in a shop on level 4 of the Vaults)
 58006 | Vaults:4 | Found Niqan's Book Shop.
 58074 | Vaults:4 | Found Ozedufel's Armour Emporium.
 58650 | Elf:1    | Entered Level 1 of the Elven Halls
 59288 | Elf:1    | Found Mikkin's General Store.
 59296 | Elf:1    | Bought a potion of curing for 39 gold pieces
 59296 | Elf:1    | Bought a scroll of fear for 45 gold pieces
 59755 | Elf:1    | Reached skill level 10 in Short Blades
 59760 | Elf:1    | Reached skill level 15 in Stealth
 59769 | Elf:1    | Reached skill level 10 in Shields
 60061 | Elf:2    | Found Alif's Magic Scroll Boutique.
 60065 | Elf:2    | Bought a scroll of silence for 97 gold pieces
 60065 | Elf:2    | Bought a scroll of enchant armour for 97 gold pieces
 60065 | Elf:2    | Bought a scroll of enchant armour for 97 gold pieces
 60289 | Elf:2    | Found a runed translucent gate.
 60290 | Elf:2    | Found a runed translucent gate.
 60290 | Elf:2    | Found a runed translucent gate.
 60345 | Elf:2    | Acquired the amulet "Yhouriodd" {rElec Regen+ Slay+2}
 61065 | Elf:2    | Reached XP level 23. HP: 180/180 MP: 28/40
 61701 | Elf:3    | Entered Level 3 of the Elven Halls
 61761 | Elf:3    | Reached skill level 15 in Long Blades
 61828 | Elf:3    | Reached skill level 15 in Transmutations
 61828 | Elf:3    | Reached skill level 18 in Ice Magic
 61963 | Elf:3    | Noticed Zenata
 61995 | Elf:3    | Killed Zenata
 62580 | Elf:3    | Reached skill level 15 in Fighting
 63164 | Abyss:3  | Cast into level 3 of the Abyss (a deep elf sorcerer)
 63438 | Elf:3    | Escaped the Abyss
 63748 | Elf:3    | Identified the ring "Quggagut" {Ice rPois Will+ rCorr
                  | Int-3}
 63911 | Elf:3    | Identified the +5 flail "Giantslayer" {vorpal, rN+ MP+9
                  | Int+6 Stlth+}
 64028 | Elf:3    | Identified the +1 scale mail of Uskayaw's Displeasure
                  | {Drain +Inv Str+4}
 64095 | Elf:3    | Found the +8 Vampire's Tooth {vamp}
 64101 | Elf:3    | Got Giotoxil's Volume of Burning Dislocation
 64110 | Elf:3    | Identified the +0 scale mail of Semenucy {Fly rPois Int-3
                  | Dex+7}
 64126 | Elf:3    | Identified the +1 helmet of the Saviour {rC+ Regen+ Str-3}
 64533 | Depths:1 | Entered Level 1 of the Depths
 64727 | Depths:1 | Found a gateway to Hell.
 64899 | Depths:1 | Found a magical portal.
 64911 | WizLab   | Entered Doroklohe's Tomb
 65123 | WizLab   | Gained mutation: Armour fits poorly on your strangely
                  | shaped body. [a cacodemon]
 65722 | Depths:1 | Found a shimmering blue altar of Sif Muna.
 65732 | Depths:1 | Reached XP level 24. HP: 179/189 MP: 18/40
 65742 | Depths:1 | HP: 1/189 [spark wasp/living lightning[a shadow demon]
                  | (19)]
 66019 | Depths:1 | Identified the +8 mace of Wian {vorpal, rC+ Dex+2}
 66042 | Depths:1 | Identified the amulet of Vudal {RegenMP Slay+3}
 66596 | Depths:2 | Identified the ring "Avosoj" {rElec rPois}
 66609 | Depths:2 | Lost mutation: Armour fits poorly on your strangely shaped
                  | body. [potion of mutation]
 66609 | Depths:2 | Lost mutation: Your body sometimes deteriorates upon taking
                  | damage. [potion of mutation]
 66609 | Depths:2 | Gained mutation: Your natural rate of healing is unusually
                  | fast. [potion of mutation]
 66689 | Depths:2 | Noticed a juggernaut
 66699 | Depths:2 | Killed a juggernaut
 66738 | Depths:2 | Reached skill level 19 in Ice Magic
 66772 | Depths:2 | Noticed a juggernaut
 66772 | Depths:2 | a golden dragon changed into a juggernaut
 66773 | Depths:2 | a juggernaut changed into an iron dragon
 66775 | Depths:2 | Noticed a juggernaut
 66775 | Depths:2 | an iron dragon changed into a juggernaut
 66777 | Depths:2 | a juggernaut changed into a titan
 66783 | Depths:2 | Reached skill level 15 in Hexes
 66877 | Depths:2 | Found a one-way gateway to a ziggurat.
 67212 | Depths:2 | Found a one-way gate leading to the halls of Pandemonium.
 67713 | Depths:2 | Identified the +11 mace "Luilamo" {vorpal, Str+3}
 68146 | Depths:3 | Noticed Mennas
 68216 | Depths:3 | Killed Mennas
 68536 | Depths:3 | Reached skill level 20 in Ice Magic
 68585 | Depths:3 | Paralysed by a floating eye for 2 turns
 68861 | Depths:3 | Noticed Parghit
 68870 | Depths:3 | Killed Parghit
 69367 | Depths:3 | Found a shimmering blue altar of Sif Muna.
 69681 | Depths:3 | Reached skill level 21 in Ice Magic
 69683 | Depths:3 | Found a burning altar of Makhleb.
 69736 | Depths:3 | Reached XP level 25. HP: 197/197 MP: 41/41
 69743 | Abyss:4  | Cast into level 4 of the Abyss (hell knight)
 69763 | Abyss:4  | Noticed a dread lich
 69840 | Abyss:4  | Noticed an ancient lich
 69856 | Abyss:4  | Killed an ancient lich
 69979 | Abyss:4  | Found a broken altar of Ashenzari.
 70060 | Abyss:4  | Reached skill level 15 in Spellcasting
 70368 | Abyss:5  | Found a glowing golden altar of the Shining One.
 70408 | Abyss:5  | Noticed a juggernaut
 70420 | Abyss:5  | Killed a juggernaut
 70423 | Abyss:5  | Got an abyssal rune of Zot
 70426 | Depths:3 | Escaped the Abyss
 70686 | Depths:3 | Learned a level 9 spell: Polar Vortex
 70691 | Depths:4 | Entered Level 4 of the Depths
 70713 | Depths:4 | Reached skill level 22 in Ice Magic
 70776 | Depths:4 | Upgraded the game from 0.29-a0-721-g7f417c9bbb to
                  | 0.29-a0-723-gce39da1c22
 70821 | Depths:4 | Noticed a juggernaut
 70857 | Depths:4 | Killed a juggernaut
 71061 | Depths:4 | Identified the +2 robe of Narcissism {Fly rElec MP+9 Dex-3}
 71238 | Depths:4 | Reached skill level 23 in Ice Magic
 71607 | Depths:4 | Found a gate to the Realm of Zot.
 72110 | Zot:1    | Entered Level 1 of the Realm of Zot
 72533 | Zot:1    | Reached XP level 26. HP: 205/205 MP: 42/42
 72672 | Zot:1    | Noticed an orb of fire
 72713 | Zot:1    | Gained mutation: You are dopey. (Int -2) [an orb of fire]
 72719 | Zot:1    | Gained mutation: Your magical capacity is low. (-10% MP)
                  | [an orb of fire]
 72724 | Zot:1    | Gained mutation: You have hidden genetic defects. [an orb
                  | of fire]
 72726 | Zot:1    | Gained mutation: Potions are less effective at restoring
                  | your health. [an orb of fire]
 72761 | Zot:1    | Killed an orb of fire
 72841 | Zot:1    | Lost mutation: Your magical capacity is low. (-10% MP)
                  | [potion of mutation]
 72841 | Zot:1    | Lost mutation: You have hidden genetic defects. [potion of
                  | mutation]
 72841 | Zot:1    | Gained mutation: You are partially covered in large bone
                  | plates. (SH +4) [potion of mutation]
 72841 | Zot:1    | Gained mutation: You are partially covered in iridescent
                  | scales. (AC +2) [potion of mutation]
 73401 | Zot:2    | Killed from afar by a golden dragon

Illustrated notes

Levels and vault maps discovered:
D:1:      ncdulo_wetmaze, layout_basic, basic_ecumenical_altar, serial_shops,
          nicolae_shop_trees
D:2:      layout_basic
D:3:      layout_basic, mainiacjoe_overflow_small_starburst,
          biasface_ghost_orc_armoury, guppyfry_early_orc_mine, uniq_robin
D:4:      layout_gridville, kennysheep_opposing_triangles, uniq_eustachio,
          uniq_blork_the_orc
D:5:      layout_basic, temple_green, serial_shops, nicolae_shop_waterfront,
          uniq_prince_ribbit1
D:6:      layout_cave_pods, kennysheep_slug_shrine, gup_sewer_entry_spiral,
          hangedman_decor_push, uniq_edmund
D:7:      minmay_the_grid_octo_tiled_octocenter [minmay_the_grid_octo_odd_swirl,
          minmay_the_grid_octo_shrine, minmay_the_grid_octo_teeth,
          minmay_the_grid_octo_chip,
          minmay_the_grid_octo_prize_ultimate_mussel_roller,
          minmay_the_grid_square_5x5_z, minmay_the_grid_square_5x5_lines,
          minmay_the_grid_square_5x5_checkered,
          minmay_the_grid_square_5x5_pentomino_r], layout_cave_pools,
          serial_column_ruins, column_ruins_hut, column_ruins_hut_pillars,
          column_ruins_columns_dead_end, column_ruins_grid_1,
          column_ruins_columns_straight, column_ruins_open_small, minivault_11,
          minmay_misc_feat_square, uniq_menkaure
D:8:      layout_loops_corners, mainiacjoe_overflow_divided_tiny
D:9:      layout_stronghold, erik_lair_orcish_takeover,
          minmay_misc_feat_nine_boxes, hangedman_decor_peaks_small
D:10:     layout_irregular_city, hiddenorc2_lemuel, uniq_maurice
D:11:     layout_loops_cross, minivault_4, nicolae_shop_sticking_my_neck_out
D:12:     layout_basic, muffindrake_ghost_dual_entry, serial_shops,
          nicolae_stop_n_shop_1, uniq_lodul, uniq_jorgrun, uniq_psyche,
          uniq_rupert
D:13:     layout_rooms, gauntlet_entry_generic, uniq_frances
D:14:     layout_loops_ring, grunt_vaults_entry_tiered,
          nicolae_concentric_dashed_squares_wild
D:15:     grunt_enter_depths_snipers, layout_loops_ring, serial_shops, shop,
          doesnt_xom_only_xom, grunt_ministairs_11, grunt_decor_mini_mirrors
Temple:   regret_index_temple_mists
Lair:1:   layout_chaotic_city, enter_volcano_2, uniq_harold
Lair:2:   layout_cave_pods, serial_bayou_pond_e, hibernation_bobbens,
          infiniplex_staircase_pool_2
Lair:3:   layout_loops_ring, spider_nest_entry_funnel_web, basic_altar,
          grunt_megastairs_2
Lair:4:   layout_regular_city, swamp_mist_pool, grunt_forest_large_clearings,
          lemuel_fruit_fields, uniq_nessos, uniq_josephine, uniq_kirke
Lair:5:   layout_gridlike, basic_altar, minivault_27, serial_bayou_shore_a
Lair:6:   hellmonk_lair_end_abyssal_woods, layout_cave_pods,
          minmay_slime_entry_oklob_open
Swamp:1:  layout_falls_marsh, nicolae_swamp_triple_paths
Swamp:2:  layout_basic_swamp, serial_swamp_ruin, hangedman_swamp_ruin_wall,
          evilmike_swamp_ruin_house_6, evilmike_swamp_ruin_house_1, swamp_pool3
Swamp:3:  layout_falls_marsh, nicolae_swamp_dense_foliage,
          grunt_lady_of_the_lake, infiniplex_staircase_pool
Swamp:4:  swamp_pestilence, layout_basic_swamp
Spider:1: layout_spider_delve, uniq_aizul
Spider:2: layout_cave_pods, uniq_arachne
Spider:3: layout_spider_delve, hive_lemuel, uniq_bai_suzhen, uniq_asterion
Spider:4: grunt_spider_rune_island, nicolae_spider_wall_of_niches
Orc:1:    layout_caves, serial_shops, okawaru_metal_pillars_1_2, uniq_snorg,
          uniq_urug
Orc:2:    st_orc_rangers, layout_caves, basic_altar, serial_shops, shop,
          portal_ice_cave_entry_ice_simulacra
Elf:1:    minmay_elf_crystal_pentagon, layout_loops_cross, serial_shops, shop,
          hangedman_elf_represent
Elf:2:    nicolae_elf_blades_crystal_corner, layout_geoelf_diagonals,
          special_room [special_room_mythical_zoo], minmay_shop_star
Elf:3:    minmay_elf_hall_dome, layout_geoelf_diagonals, minivault_5,
          st_stairs_3, nicolae_elf_blasts_and_bolts, uniq_zenata
Vaults:1: ontoclasm_vaults_chip, v_rooms_5, ontoclasm_vaults_idyll,
          grunt_vaults_swirl, v_misc_11, hangedman_vaults_nails,
          vaults_room_pools, nicolae_vaults_ninety_degrees,
          layout_vaults_chaotic_city, serial_shops, shop
Vaults:2: grunt_vaults_trifunnel, v_misc_25, nicolae_vaults_network_quinsquares
          [nicolae_vaults_network_quincunx_subvault,
          nicolae_vaults_network_quincunx_subvault,
          nicolae_vaults_network_quincunx_subvault,
          nicolae_vaults_network_quincunx_subvault], grunt_vaults_focal,
          vaults_standard_mumra_lines, vaults_dpeg_ring, layout_vaults_omnigrid
Vaults:3: minmay_crypt_entry_necro_gods, nicolae_vaults_network_barrier,
          dpeg_vaults_monster_box, vaults_room_octagon, vaults_room_hallway,
          v_pattern_1, vaults_room_fours, vaults_room_stairs_pillars,
          nicolae_vaults_little_squares_3, nicolae_vaults_specimen_jars,
          vaults_room_hallway, nicolae_vaults_ring_of_whatevers,
          nicolae_vaults_little_squares_6, layout_vaults_omnicross
Vaults:4: hangedman_vaults_stitches, dpeg_vaults_monster_row, vaults_mumra_hex,
          nicolae_vaults_puzzle_piece, ontoclasm_vaults_chip,
          nicolae_vaults_little_squares_3, v_misc_12,
          nicolae_vaults_little_squares_3, nicolae_vaults_ring_of_whatevers,
          layout_vaults_omnibox, serial_shops,
          nicolae_shop_competitors_out_of_business, nicolae_shop_behind_doors,
          nicolae_shop_hallway_stairs, shop, nicolae_diamond_shop, uniq_sojobo,
          uniq_margery, uniq_frederick
Depths:1: layout_basic, grunt_mini_vestibule, mu_enter_wizlab_1,
          minmay_curled_crystal, hangedman_summoners_spam,
          infiniplex_staircase_pool_lava
Depths:2: hangedman_arch_fort, layout_long_grid, enter_ziggurat_f, hell_entry,
          rand_demon_pan_entry_4, infiniplex_staircase_door_maze
Depths:3: evilmike_makhleb_hellhole, layout_basic, minmay_misc_feat_roman,
          minmay_room_of_horrors, hangedman_geh_valley,
          nicolae_sif_muna_little_library, kennysheep_random_hallway,
          minmay_staircase_statues, uniq_parghit, uniq_mennas
Depths:4: grunt_zot_entry_tricorne, layout_cave_pools, minmay_misc_feat_tower,
          grunt_hell_entry_dis_grunt
Zot:1:    kennysheep_six_static_rooms, layout_onion_interference
Zot:2:    kennysheep_room_grid, layout_onion, hellmonk_ghost_happy_afterlife,
          uniq_tiamat

Skill      XL: |  1  2  3  4  5  6  7  8  9 10 11 12 13 14 15 16 17 18 19 20 21 22 23 24 25 26 |
---------------+-------------------------------------------------------------------------------+-----
Dodging        | 3 4 5 6 7 8 9 10 11 12 13 14 15 16 17 | 17.7
Fighting       | 1 2 3 4 5 6 7 8 10 11 12 13 14 15 16 | 16.5
Ice Magic      | 5 6 7 8 9 10 12 13 14 15 16 17 18 21 23 | 23.0
Spellcasting   | 3 4 5 6 7 9 10 11 12 13 14 15 | 15.8
Short Blades   | 1 2 3 4 5 7 8 9 10 11 12 | 12.7
Conjurations   | 1 2 3 4 |  4.0
Transmutations | 1 3 5 7 8 9 10 11 12 13 14 15 | 15.0
Stealth        | 3 5 6 8 9 10 11 12 13 14 15 16 17 18 | 18.1
Hexes          | 3 4 5 6 7 9 10 11 12 13 14 15 | 15.4
Long Blades    | 2 4 7 8 10 11 12 13 14 15 | 15.4
Throwing       | 2 3 |  3.0
Armour         | 1 2 3 |  3.0
Shields        | 2 5 7 8 9 10 11 | 11.9
Earth Magic    | 2 4 5 6 7 |  7.0
Evocations     | 2 3 |  3.0

Action                   |  1- 3 |  4- 6 |  7- 9 | 10-12 | 13-15 | 16-18 | 19-21 | 22-24 | 25-27 || total
-------------------------+-------+-------+-------+-------+-------+-------+-------+-------+-------++-------
Melee: Whip              |    13 |       |       |       |       |       |       |       |       ||    13
       Punch             |     1 |     1 |     6 |     3 |     7 |     2 |       |       |       ||    20
       Dagger            |    24 |       |    81 |   133 |   149 |    55 |    30 |       |       ||   472
       Short sword       |       |   135 |   201 |    53 |    69 |   402 |   740 |   540 |   217 ||  2357
       Tailslap          |       |       |     7 |       |    21 |     6 |    24 |     3 |       ||    61
       Headbutt          |       |       |    13 |       |     5 |       |       |       |       ||    18
       Scimitar          |       |       |       |   246 |   160 |   299 |     3 |       |       ||   708
       Double sword      |       |       |       |       |   237 |    40 |   336 |   322 |   204 ||  1139
       Triple sword      |       |       |       |       |    32 |       |       |       |       ||    32
       Quick blade       |       |       |       |       |       |       |       |   162 |    46 ||   208
       Long sword        |       |       |       |       |       |       |       |    77 |   104 ||   181
       Demon blade       |       |       |       |       |       |       |       |    17 |     8 ||    25
       Flail             |       |       |       |       |       |       |       |       |     4 ||     4
 Fire: Longbow           |       |       |       |       |    19 |       |       |       |       ||    19
Throw: Boomerang         |     2 |       |       |       |       |       |       |       |       ||     2
       Dart              |       |       |     5 |     7 |     5 |     2 |       |       |       ||    19
       Throwing net      |       |       |     1 |     1 |       |       |     2 |       |       ||     4
 Cast: Freeze            |    52 |    10 |     1 |    21 |     1 |     3 |       |       |       ||    88
       Frozen Ramparts   |       |    10 |    13 |    26 |    29 |    17 |     6 |       |       ||   101
       Ozocubu's Armour  |       |    10 |    30 |    45 |    73 |    87 |   100 |    66 |    50 ||   461
       Beastly Appendage |       |       |     6 |       |     1 |       |       |       |       ||     7
       Wereblood         |       |       |     5 |    16 |    16 |    23 |    14 |    27 |    10 ||   111
       Hailstorm         |       |       |       |    25 |    50 |    22 |    33 |     2 |       ||   132
       Confusing Touch   |       |       |       |       |     4 |    34 |   115 |    52 |    27 ||   232
       Ozocubu's Refrige |       |       |       |       |       |   152 |   238 |   242 |    79 ||   711
       Leda's Liquefacti |       |       |       |       |       |    21 |    37 |    30 |     7 ||    95
       Yara's Violent Un |       |       |       |       |       |    14 |    15 |    39 |     5 ||    73
       Tukima's Dance    |       |       |       |       |       |       |    19 |     7 |     1 ||    27
       Statue Form       |       |       |       |       |       |       |     7 |    31 |       ||    38
       Lee's Rapid Decon |       |       |       |       |       |       |    12 |    32 |     4 ||    48
       Enfeeble          |       |       |       |       |       |       |       |    68 |    31 ||    99
       Polar Vortex      |       |       |       |       |       |       |       |       |    15 ||    15
Evoke: Wand              |       |       |       |       |     1 |     1 |     1 |     1 |       ||     4
       Lightning rod     |       |       |       |       |       |     4 |       |       |       ||     4
       Phial of floods   |       |       |       |       |       |       |       |     2 |       ||     2
  Use: Potion            |     4 |     1 |     3 |     3 |     8 |       |     2 |    15 |     5 ||    41
       Scroll            |     1 |     1 |     7 |     8 |    19 |    13 |    12 |    23 |     5 ||    89
 Stab: Sleeping          |     1 |     2 |    12 |    26 |    19 |    37 |    41 |    24 |     3 ||   165
       Invisible         |       |       |     1 |     1 |     1 |     1 |       |    32 |    25 ||    61
       Distracted        |       |       |     1 |     1 |     2 |     4 |     6 |     6 |     3 ||    23
       Held in net/web   |       |       |     1 |       |       |       |     1 |       |       ||     2
       Confused          |       |       |       |       |     2 |    39 |   122 |    51 |    32 ||   246
       Fleeing           |       |       |       |       |     2 |       |       |       |       ||     2
Armor: Robe              |     3 |    42 |    69 |   102 |   269 |   265 |   346 |   144 |   152 ||  1392
       Skin              |    75 |     9 |    27 |     1 |       |       |    39 |   147 |       ||   298
Dodge: Dodged            |    51 |   138 |   147 |   311 |   717 |   626 |   925 |   693 |   418 ||  4026
       Repelled          |       |       |       |       |       |       |       |    18 |    21 ||    39
Block: Other             |       |       |    41 |   107 |   178 |       |       |       |       ||   326
       Reflection        |       |       |     4 |       |       |       |       |       |       ||     4
       Kite shield       |       |       |       |       |       |   373 |   783 |   892 |   547 ||  2595

Table legend: (Time is in decaauts)
 A = Elapsed time spent in this place.
 B = Non-inter-level travel time spent in this place.
 C = Inter-level travel time spent in this place.
 D = Time resting spent in this place.
 E = Time spent auto-exploring this place.
 F = Levels seen in this place.
 G = Mean time per level.
                   A        B        C        D        E       F      G
               +--------+--------+--------+--------+--------+-----+--------+
         Total |  72444 |  67619 |   4825 |  21104 |  25563 |  54 | 1341.6 |
       Dungeon |  21573 |  19516 |   2057 |   4933 |   9744 |  15 | 1438.2 |
        Temple |     46 |     46 |      0 |      0 |     22 |   1 |   46.0 |
          Lair |  12102 |  11016 |   1086 |   4618 |   3621 |   6 | 2017.0 |
         Swamp |   5469 |   5313 |    156 |   2560 |   1405 |   4 | 1367.2 |
   Spider Nest |   6729 |   6426 |    303 |   3032 |   1744 |   4 | 1682.2 |
  Orcish Mines |   2084 |   1890 |    194 |    490 |    873 |   2 | 1042.0 |
   Elven Halls |   5352 |   5083 |    269 |   1552 |   1976 |   3 | 1784.0 |
        Vaults |   8283 |   7816 |    467 |   1995 |   3733 |   4 | 2070.8 |
        Depths |   6465 |   6242 |    223 |   1504 |   1450 |   4 | 1616.2 |
           Zot |   1233 |   1166 |     67 |    206 |     71 |   2 |  616.5 |
         Abyss |    895 |    895 |      0 |     55 |      0 |   4 |  223.8 |
         Sewer |     70 |     70 |      0 |      0 |      0 |   1 |   70.0 |
      Ice Cave |    735 |    735 |      0 |     29 |    383 |   1 |  735.0 |
       Volcano |    565 |    565 |      0 |      0 |    420 |   1 |  565.0 |
        Wizlab |    238 |    238 |      0 |     13 |      0 |   1 |  238.0 |
      Gauntlet |    600 |    600 |      0 |    114 |    116 |   1 |  600.0 |
               +--------+--------+--------+--------+--------+-----+--------+

Top non-repeatable levels by time:
  Lair:6: 2980 daAuts
   Elf:2: 2652 daAuts
  Lair:5: 2617 daAuts
Spider:4: 2576 daAuts
Vaults:3: 2347 daAuts
Vaults:1: 2256 daAuts
 Swamp:4: 2244 daAuts
Depths:2: 2101 daAuts
  Lair:3: 2039 daAuts
Vaults:2: 1874 daAuts
     D:7: 1813 daAuts
  Lair:4: 1810 daAuts
Vaults:4: 1804 daAuts
    D:12: 1758 daAuts
    D:15: 1698 daAuts
